 Dungeon Crawl Stone Soup version 0.29.1-1-gd02db6906a (webtiles) character file.

Game seed: 6602858429215128549

45 Hadkhar the Grasshopper (level 3, 0/18 HPs)
             Began as a Spriggan Warper on Oct 16, 2022.
             Slain by an adder (3 damage)
             ... on level 2 of the Dungeon.
             The game lasted 00:08:37 (1902 turns).

Hadkhar the Grasshopper (Spriggan Warper)           Turns: 1902, Time: 00:08:38

Health: 0/18       AC:  2    Str:  7    XL:     3   Next: 42%
Magic:  8/8        EV: 19    Int: 14    God:
Gold:   27         SH:  0    Dex: 22    Spells: 6/8 levels left

rFire   . . .      SeeInvis +   a - +0 short sword
rCold   . . .      Faith    .   (no shield)
rNeg    . . .      Spirit   .   b - +0 robe
rPois   .          Reflect  .   (helmet restricted)
rElec   .          Harm     .   (no cloak)
rCorr   .          Rampage  .   (gloves unavailable)
Will    .....                   (boots unavailable)
Stlth   ++........              (no amulet)
HPRegen 0.06/turn               f - +6 ring of dexterity
MPRegen 0.11/turn               j - ring of flight

@: flying, very quick
A: very small, no large weapons, unfitting armour, see invisible, speed 3
a: no special abilities


You were on level 2 of the Dungeon.
You visited 1 branch of the dungeon, and saw 2 of its levels.

You collected 27 gold pieces.

Inventory:

Hand Weapons
 a - a +0 short sword (weapon)
Missiles
 d - 4 boomerangs of dispersal (quivered)
Armour
 b - a +0 robe (worn)
Jewellery
 f - a +6 ring of dexterity (left hand)
 j - a ring of flight (right hand)
Scrolls
 c - a scroll of blinking
 g - a scroll of identify {unknown}
 l - a scroll of noise {unknown}
Potions
 e - a potion of attraction {unknown}
 h - a potion of flight {unknown}
 i - a potion of mutation {unknown}
 k - a potion of haste {unknown}


   Skills:
 - Level 1.5 Fighting
 + Level 2.8 Short Blades
 - Level 1.0 Throwing
 - Level 3.2 Dodging
 + Level 2.2 Stealth
 + Level 3.3 Spellcasting
 + Level 5.1 Translocations


You had 6 spell levels left.
You knew the following spells:

 Your Spells              Type           Power      Damage    Failure   Level
a - Blink                 Tloc           32%        N/A       3%          2

Your spell library contained the following spells:

 Spells                   Type           Power      Damage    Failure   Level
 Apportation              Tloc           32%        N/A       2%          1
 Gell's Gravitas          Tloc           16%        N/A       8%          3
 Lesser Beckoning         Tloc           16%        N/A       8%          3
 Teleport Other           Tloc           16%        N/A       8%          3
 Manifold Assault         Tloc           16%        N/A       56%         5
 Alistair's Intoxication  Tmut/Pois      1%         N/A       99%         5


Dungeon Overview and Level Annotations

Branches:
Dungeon (2/15)

Altars:


Innate Abilities, Weirdness & Mutations

You are very small and have problems with some larger weapons.
You are too small for most types of armour.
You have supernaturally acute eyesight. (SInv)
You cover ground extremely quickly. (Speed+++)


Message History

The poisoned dart closely misses the adder.
The adder completely misses you.
You see here 3 poisoned darts.
You miss the adder. The adder barely misses you. x2
You miss the adder. The adder bites you.
* * * LOW HITPOINT WARNING * * *
You miss the adder. The adder barely misses you.
You hit the adder.
The adder is heavily wounded.
The adder completely misses you.
You hit the adder but do no damage.
The adder is heavily wounded.
The adder misses you.
You miss the adder.
The adder is heavily wounded.
The adder closely misses you. The adder misses you.
You hit the adder but do no damage.
The adder is heavily wounded.
The adder barely misses you.
You closely miss the adder.
The adder is heavily wounded.
The adder closely misses you.
You hit the adder.
The adder is heavily wounded.
The adder completely misses you. The adder barely misses you.
You hit the adder.
The adder is almost dead.
The adder closely misses you.
You barely miss the adder.
The adder is almost dead.
The adder bites you.
* * * LOW HITPOINT WARNING * * *
You closely miss the adder.
The adder is almost dead.
The adder bites you.
* * * LOW HITPOINT WARNING * * *
You miss the adder.
The adder is almost dead.
The adder bites you.
You die...

.#.#......# ....
.#.#...#### .### .#.#.#.#
.#...#.# ....##.# ...###.#
############# .#.# #.#
#...........#
.#.###.#######...........#
.......(.......S@........+
.........................#
........######...........#
........# #...†.......#
........# #...†)......#
### .#'######
#...........# #.. ...#
#...........# ##+#.. ..##
#...........# #..... ..#
#...........# #...#.


You could see an adder.

Vanquished Creatures
  2 adders (D:2)
  A dart slug (D:1)
  A giant cockroach (D:1)
  3 hobgoblins (D:1)
  4 jackals (D:1)
  A quokka (D:2)
  5 ball pythons
  2 bats (D:2)
  2 goblins
  3 kobolds (D:2)
  A rat (D:1)
25 creatures vanquished.

Notes
Turn   | Place    | Note
-------+----------+-------------------------------------------
     0 | D:1      | Hadkhar the Spriggan Warper began the quest for the Orb.
     0 | D:1      | Reached XP level 1. HP: 10/10 MP: 5/5
   293 | D:1      | Found a faded altar of an unknown god.
   362 | D:1      | Reached skill level 1 in Stealth
   538 | D:1      | Reached XP level 2. HP: 13/14 MP: 6/6
  1482 | D:1      | Learned a level 2 spell: Blink
  1512 | D:2      | Reached XP level 3. HP: 17/18 MP: 8/8
  1713 | D:2      | Reached skill level 5 in Translocations
  1902 | D:2      | Slain by an adder

Illustrated notes

Levels and vault maps discovered:
D:1:      co_arrival_random_square_maze, layout_basic,
          shapermc_ecumenical_altar_mp_ritualfount
D:2:      layout_basic

Skill      XL: |  1  2  3 |
---------------+----------+-----
Stealth        | 1 2 |  2.2
Spellcasting   | 3 |  3.3
Translocations | 5 |  5.1
Fighting       | |  1.5
Short Blades   | |  2.8
Throwing       | |  1.0
Dodging        | |  3.2

Action                   || total
-------------------------++-------
Melee: Short sword       ||   110
       Punch             ||     3
Throw: Boomerang         ||     3
       Dart              ||     3
 Stab: Sleeping          ||     1
Armor: Robe              ||     8
Dodge: Dodged            ||   102
